 Dungeon Crawl Stone Soup version 0.19-a0-1654-g9d3f708 (webtiles) character file.

336 Amnesiac the Charlatan (level 6, 0/34 HPs)
             Began as a Kobold Artificer on Sept 20, 2016.
             Succumbed to an adder's poison
             ... on level 4 of the Dungeon.
             The game lasted 00:05:05 (2864 turns).

Amnesiac the Charlatan (Kobold Artificer)           Turns: 2864, Time: 00:05:06

Health: 0/34       AC:  8    Str: 11    XL:     6   Next: 84%
Magic:  11/11      EV:  7    Int: 12    God:
Gold:   49         SH:  0    Dex: 16    Spells: 0 memorised, 5 levels left

rFire  . . .     SeeInvis .     k - +0 morningstar
rCold  . . .     Gourm    .     o - +0 chain mail
rNeg   . . .     Faith    .     (shield restricted)
rPois  .         Spirit   .     (no helmet)
rElec  .         Dismiss  .     (no cloak)
rCorr  .         Reflect  .     (no gloves)
MR     .....     Harm     .     (no boots)
Stlth  ..........               (no amulet)
                                (no ring)
                                (no ring)

@: lethally poisoned (0 -> -4), flying
A: carnivore 3
a: no special abilities


You were on level 4 of the Dungeon.
You were full.

You visited 1 branch of the dungeon, and saw 4 of its levels.

You collected 49 gold pieces.

Inventory:

Hand Weapons
 a - a +0 short sword
 k - a +0 morningstar (weapon)
Armour
 o - a +0 chain mail (worn)
Wands
 c - a wand of flame (0/48)
 d - a wand of enslavement (7/24)
 e - a wand of random effects (12/48)
Scrolls
 g - 3 scrolls of identify {unknown}
 h - a scroll of recharging {unknown}
 i - a scroll of fear {unknown}
 j - a scroll of enchant armour {unknown}
 m - 3 scrolls of teleportation {unknown}
Comestibles
 f - a meat ration


   Skills:
 - Level 1.1 Fighting
 - Level 1.3 Short Blades
 + Level 2.3 Maces & Flails
 - Level 2.4 Dodging
 - Level 1.3 Stealth
 - Level 7.8 Evocations


You had 5 spell levels left.
You didn't know any spells.

Dungeon Overview and Level Annotations

Branches:
Dungeon (4/15)
 Temple: D:4-7

Altars:


Innate Abilities, Weirdness & Mutations

You are small and have problems with some larger weapons.
You are carnivorous and can eat meat at any time.


Message History

Unknown command.
Evoke which item? (* to show all) (? for menu, Esc to quit)
Zapping:
e - a wand of random effects (14/48)
Press: ? - help, Shift-Dir - straight line, f - adder
Aim: an adder The adder flickers and vanishes!
Deactivating autopickup; reactivate with Ctrl-A.
This wand has 13 charges left.
You feel sick. Something bites you.
* * * LOW HITPOINT WARNING * * *
Something bites you but does no damage.
Evoke which item? (* to show all) (? for menu, Esc to quit)
Zapping:
e - a wand of random effects (13/48)
Press: ? - help, Shift-Dir - straight line Nothing appears to happen.
This wand has 12 charges left.
Something bites you.
* * * LOW HITPOINT WARNING * * *
Unknown command.
It was a potion of flight.
You feel very buoyant.
You fly up into the air.
You die...

#. .. #######.......###.#
.. #....##### #.# ..
###..#.#######.# #.#
#####....#.#........ #..
#..............###.#
###.##.#.##.#######.###.#
.......#.##.#######..##..
..
.........##.#...........#
..
##....@{....######>...#
#.##.....>..#### ####.#
.#...........####### #..
....#..#####.....(.. #.#
..........##########. #.#
..#######...##########
... ###........... ....
####..##### '#### ##.# #.


There were no monsters in sight!

Vanquished Creatures
  2 howler monkeys (D:4)
  A hound (D:4)
  3 orc wizards (D:4)
  A worker ant (D:4)
  4 adders (D:4)
  2 adder skeletons (D:4)
  2 dart slugs (D:4)
  2 leopard geckos (D:4)
  9 orcs
  2 frilled lizards
  2 leopard gecko skeletons (D:4)
30 creatures vanquished.

Vanquished Creatures (collateral kills)
  An adder (D:4)
  3 orcs (D:4)
4 creatures vanquished.

Vanquished Creatures (others)
  An orc wizard (D:4)
  A scorpion (D:4)
2 creatures vanquished.

Grand Total: 36 creatures vanquished

Notes
Turn   | Place    | Note
-------+----------+-------------------------------------------
     0 | D:1      | Amnesiac the Kobold Artificer began the quest for the Orb.
     0 | D:1      | Reached XP level 1. HP: 12/12 MP: 3/3
    81 | D:3      | Noticed an orc wizard
   318 | D:4      | Noticed a hound
   321 | D:4      | Reached skill level 4 in Evocations
   338 | D:4      | Reached XP level 2. HP: 2/16 MP: 5/5
   450 | D:4      | Reached skill level 5 in Evocations
   450 | D:4      | Reached XP level 3. HP: 8/20 MP: 6/6
   654 | D:4      | Reached XP level 4. HP: 23/25 MP: 6/8
   666 | D:4      | Reached skill level 6 in Evocations
  1143 | D:4      | Reached XP level 5. HP: 23/29 MP: 9/9
  1306 | D:4      | Reached skill level 7 in Evocations
  1436 | D:4      | Reached XP level 6. HP: 11/34 MP: 11/11
  1614 | D:4      | Reached skill level 1 in Maces & Flails
  2863 | D:4      | HP: 1/34 [something (2)]
  2864 | D:4      | Succumbed to an adder's poison

Vault maps used:
D:1:      zelgadis_glass_arrival_small
D:2:      minmay_misc_feat_chi, grunt_ministairs_1, grunt_dithmenos_smoke,
          uniq_terence, uniq_natasha
D:3:      grunt_ministairs_11
D:4:      first_bread, minmay_door_square

Skill      XL: |  1  2  3  4  5  6 |
---------------+-------------------+-----
Evocations     | 4 5 6 7 |  7.8
Maces & Flails | 2 |  2.3
Fighting       | |  1.1
Short Blades   | |  1.3
Dodging        | |  2.4
Stealth        | |  1.3

Action                   |  1- 3 |  4- 6 || total
-------------------------+-------+-------++-------
Melee: Short sword       |    21 |    73 ||    94
       Morningstar       |       |    87 ||    87
Evoke: Wand              |     5 |    21 ||    26
  Use: Potion            |       |     1 ||     1
  Eat: Chunk             |     1 |    10 ||    11
Armor: Leather armour    |     6 |    19 ||    25
       Chain mail        |       |    22 ||    22
Dodge: Dodged            |    18 |   124 ||   142
